 Dungeon Crawl Stone Soup version 0.23-a0-819-g6debee6 (webtiles) character file.

308 ohad the Cleaver (level 6, 0/50 HPs)
             Began as a Hill Orc Gladiator on Jan 22, 2019.
             Killed by divine providence
             ... invoked by an orc priest
              (14 damage)
             ... on level 4 of the Dungeon.
             The game lasted 00:07:03 (3116 turns).

ohad the Cleaver (Hill Orc Gladiator)               Turns: 3116, Time: 00:07:03

Health: 0/50       AC:  7    Str: 23    XL:     6   Next: 40%
Magic:  6/6        EV: 11    Int:  8    God:
Gold:   211        SH:  0    Dex: 14    Spells: 5/5 levels left

rFire    . . .     SeeInvis .   a - +0 war axe
rCold    . . .     Gourm    .   (no shield)
rNeg     . . .     Faith    .   r - +0 scale mail
rPois    .         Spirit   .   c - +0 helmet
rElec    .         Reflect  .   (no cloak)
rCorr    .         Harm     .   (no gloves)
MR       .....                  (no boots)
Stlth    ..........             o - amulet of magic regeneration
HPRegen  0.16/turn              g - +6 ring of strength
MPRegen  0.35/turn              (no ring)

@: no status effects
A: no striking features
a: Convert to Beogh


You were on level 4 of the Dungeon.
You were not hungry.

You visited 1 branch of the dungeon, and saw 4 of its levels.

You collected 211 gold pieces.

Inventory:

Hand Weapons
 a - a +0 war axe (weapon)
 y - a +0 short sword of holy wrath
Missiles
 d - 3 throwing nets (quivered)
 q - 21 poisoned needles
 s - 8 javelins of penetration
 w - 2 poisoned javelins
Armour
 b - a +0 leather armour
 c - a +0 helmet (worn)
 r - a +0 scale mail (worn)
 t - a cursed -2 leather armour
 u - a +0 ring mail
Jewellery
 g - a +6 ring of strength (left hand)
 o - an amulet of magic regeneration (around neck)
 v - an uncursed ring of poison resistance {unknown}
Wands
 p - a wand of enslavement (9)
Scrolls
 i - 2 scrolls of amnesia {unknown}
 k - 3 scrolls of magic mapping {unknown}
 l - 4 scrolls of teleportation {unknown}
 m - 5 scrolls of identify {unknown}
 n - 2 scrolls of remove curse {unknown}
Potions
 e - a potion of heal wounds {unknown}
 h - 4 potions of brilliance {unknown}
 j - 6 potions of curing {unknown}
 x - a potion of cancellation {unknown}
 z - a potion of ambrosia {unknown}
 A - a potion of invisibility {unknown}
Comestibles
 f - 7 rations
 B - a chunk of flesh


   Skills:
 - Level 2.4 Fighting
 + Level 9.2 Axes
 - Level 1.7 Throwing
 - Level 2.4 Dodging


You had 5 spell levels left.
You didn't know any spells.
Your spell library was empty.

Dungeon Overview and Level Annotations

Branches:
Dungeon (4/15)
 Temple: D:4-7

Altars:
Ashenzari
Dithmenos
Fedhas
Ru
Trog
Vehumet
Wu Jian
Xom

Shops:
D:4 }


Message History

The orc is heavily wounded.
The orc priest shouts, "Surrender to Beogh and we'll let you live!"
The orc closely misses you.
The orc priest calls upon Beogh to heal the orc.
The orc's wounds heal themselves!
You closely miss the orc. The orc hits you but does no damage.
You barely miss the orc.
The orc priest threatens, "By the altar or by the axe, you will meet Beogh!"
The orc hits you but does no damage.
You hit the orc.
The orc is severely wounded.
The orc hits you but does no damage.
The orc wizard casts a spell.
The orc wizard blinks!
You completely miss the orc.
The orc is severely wounded.
The orc hits you but does no damage.
The orc priest invokes the aid of Beogh against you.
Beogh smites you!
You die...

# .# ..## .....
####.....# ##.@oo....#
#..##....##
####.###....#
###########...........#
.........##.##.##......#
.......................#
..............###.##.# #
.........###### # #
.........#


You could see an orc priest and an orc.

Vanquished Creatures
  An orc wizard (D:4)
  Terence (D:2)
  4 worker ants (D:4)
  A howler monkey skeleton (D:4)
  5 adders
  An adder skeleton (D:4)
  5 worms
  2 dart slugs (D:1)
  A leopard gecko (D:2)
  4 orcs
  3 giant cockroaches
  8 goblins
  6 hobgoblins
  12 jackals
  3 quokkas
  8 bats
  7 frilled lizards
  6 kobolds
  7 rats
85 creatures vanquished.

Notes
Turn   | Place    | Note
-------+----------+-------------------------------------------
     0 | D:1      | ohad the Hill Orc Gladiator began the quest for the Orb.
     0 | D:1      | Reached XP level 1. HP: 18/18 MP: 1/1
   106 | D:1      | Reached XP level 2. HP: 22/25 MP: 2/2
   123 | D:1      | Reached skill level 5 in Axes
   221 | D:1      | Reached XP level 3. HP: 14/30 MP: 3/3
   982 | D:2      | Reached skill level 6 in Axes
  1331 | D:2      | Reached XP level 4. HP: 32/37 MP: 4/4
  1411 | D:2      | Found a blossoming altar of Fedhas.
  1414 | D:2      | Found an ornate altar of the Wu Jian Council.
  1414 | D:2      | Found a shattered altar of Ashenzari.
  1628 | D:2      | Found a shadowy altar of Dithmenos.
  1917 | D:2      | Noticed Terence
  1923 | D:2      | Killed Terence
  1923 | D:2      | Reached skill level 7 in Axes
  1923 | D:2      | Reached XP level 5. HP: 42/42 MP: 5/5
  1956 | D:2      | Found a sacrificial altar of Ru.
  1957 | D:2      | Found a radiant altar of Vehumet.
  1957 | D:2      | Found a bloodstained altar of Trog.
  1957 | D:2      | Found a shimmering altar of Xom.
  2519 | D:4      | Reached skill level 8 in Axes
  3040 | D:4      | Reached XP level 6. HP: 50/50 MP: 6/6
  3060 | D:4      | Found Zeecleoja's Gadget Emporium.
  3090 | D:4      | Reached skill level 9 in Axes
  3116 | D:4      | Killed from afar by an orc priest

Vault maps used:
D:1:      dpeg_arrival_lava_altar
D:2:      lemuel_round_altar, grunt_temple_overflow_open, minmay_fountain_box,
          chequers_garden, minmay_heptomino_l4, uniq_terence
D:4:      serial_shops, nicolae_shop_temple_entry_statues_fountains,
          first_ration

Skill      XL: |  1  2  3  4  5  6 |
---------------+-------------------+-----
Axes           | 5 6 7 8 9 |  9.2
Fighting       | |  2.4
Throwing       | |  1.7
Dodging        | |  2.4

Action                   |  1- 3 |  4- 6 || total
-------------------------+-------+-------++-------
Melee: War axe           |   100 |   123 ||   223
 Stab: Sleeping          |     2 |       ||     2
  Eat: Chunk             |     1 |     6 ||     7
Armor: Leather armour    |    28 |    11 ||    39
       Scale mail        |       |    48 ||    48
Dodge: Dodged            |    84 |    91 ||   175

Table legend:
 A = Non-vault XP
 B = Vault XP
 C = Vault XP percentage of total XP
 D = Non-vault monster count
 E = Vault monster count
 F = Vault count percentage of total count
                 A         B        C        D         E       F
            +---------+---------+-------+---------+---------+-------
      Total |     401 |      40 |   9.1 |      82 |       3 |   3.5
            +---------+---------+-------+---------+---------+-------
        D:1 |      52 |       0 |   0.0 |      29 |       0 |   0.0
        D:2 |      77 |      40 |  34.2 |      18 |       3 |  14.3
        D:3 |      29 |       0 |   0.0 |      17 |       0 |   0.0
        D:4 |     243 |       0 |   0.0 |      18 |       0 |   0.0
            +---------+---------+-------+---------+---------+-------
